 Dungeon Crawl Stone Soup version 0.31.0-9-g3a7656b989 (webtiles) character file.

Game seed: 5857286477217317064

8050 Colgate the Cleaver (level 11, -3/70 (81) HPs)
             Began as a Demonspawn Fighter on Jan 29, 2024.
             Was an Elder of Nemelex Xobeh.
             Slain by a laughing skull (5 damage)
             ... on level 9 of the Dungeon.
             The game lasted 00:55:06 (11312 turns).

Colgate the Cleaver (Demonspawn Fighter)           Turns: 11312, Time: 00:55:06

HP:   -3/70 (81)    AC: 18    Str: 20    XL:     11   Next: 4%
MP:   16/16         EV:  8    Int:  8    God:    Nemelex Xobeh [****..]
Gold: 206           SH:  4    Dex: 14    Spells: 16/16 levels left

rFire   . . .        R - +2 war axe (distort)
rCold   . . .        c - +0 buckler
rNeg    . . .        r - +1 plate armour
rPois   +            h - +2 helmet
rElec   .            D - +0 cloak
rCorr   .            (no gloves)
SInv    +            M - +1 pair of boots
Will    .....        E - amulet of faith Stlth
                     b - ring of poison resistance
HPRegen 0.31/turn    x - ring of see invisible
MPRegen 0.15/turn

%: faith
@: heavily drained
A: repulsion field 2, powered by death 2, demonic magic 1, weakness stinger 1
a: Renounce Religion, Draw Escape, Draw Destruction, Draw Summoning, Triple
Draw, Deal Four


You were on level 9 of the Dungeon.
You worshipped Nemelex Xobeh.
Nemelex Xobeh was greatly pleased with you.
You visited 2 branches of the dungeon, and saw 10 of its levels.
You also visited: Ossuary.

You collected 753 gold pieces.
You spent 547 gold pieces at shops.

Inventory:

Hand Weapons
 a - a +3 war axe
 K - a +1 whip of distortion
 R - a +2 war axe of distortion (weapon)
 V - the +9 trident "Juexki" {flame, *Corrode rElec rPois Dex-4}
   (You found it on level 9 of the Dungeon)

   Dex-4:     It affects your dexterity (-4).
   rElec:     It insulates you from electricity.
   rPois:     It protects you from poison *Corrode: It may corrode you when you
   take damage.
Missiles
 p - 17 boomerangs (quivered)
 N - 21 poisoned darts
 P - 5 curare-tipped darts
Armour
 c - a +0 buckler (worn)
 h - a +2 helmet (worn)
 r - a +1 plate armour (worn)
 D - a +0 cloak (worn)
 M - a +1 pair of boots (worn)
 O - +0 steam dragon scales
 T - a +0 pair of gloves
Magical Staves
 F - a staff of conjuration
Jewellery
 b - a ring of poison resistance (left hand)
 f - a ring of resist corrosion
 g - a ring of willpower
 i - a ring of ice
 x - a ring of see invisible (right hand)
 z - a ring of protection from fire
 E - an amulet of faith (around neck)
 J - a +6 ring of dexterity
 L - a ring of protection from fire
 Q - a +6 ring of strength
Wands
 u - a wand of iceblast (10) {@v2}
 A - a wand of mindburst (12)
 G - a wand of flame (16)
Scrolls
 e - a scroll of amnesia {unknown}
 j - a scroll of fog
 n - 4 scrolls of teleportation {@r3}
 s - a scroll of blinking {unknown}
 y - a scroll of fear
 B - 2 scrolls of vulnerability
 H - a scroll of butterflies {unknown}
 S - a scroll of immolation {unknown}
Potions
 d - 3 potions of ambrosia {unknown}
 k - 4 potions of enlightenment
 l - 4 potions of attraction
 m - 5 potions of haste {@q4}
 o - a potion of mutation
 q - 3 potions of magic {unknown}
 t - a potion of berserk rage {unknown}
 v - a potion of brilliance {unknown}
 w - 2 potions of resistance {unknown}
 C - 2 potions of heal wounds {unknown}
 I - a potion of might {@q3}
 U - a potion of degeneration {unknown}


   Skills:
 - Level 5.6 Fighting
 - Level 8.0(8.4) Axes
 - Level 3.5(6.2) Polearms
 - Level 2.6 Armour
 - Level 2.6 Shields
 - Level 3.0 Spellcasting
 + Level 7.0 Conjurations
 + Level 7.6 Alchemy
 - Level 7.2 Invocations
 - Level 4.9 Evocations


You had 16 spell levels left.
You didn't know any spells.
Your spell library contained the following spells:

 Spells                   Type           Power      Damage    Failure   Level
 Magic Dart               Conj           48%        1d5       56%         1
 Searing Ray              Conj           24%        2d5       71%         2
 Static Discharge         Conj/Air       12%        3-4/arc   99%         2
 Fulminant Prism          Conj/Alch      6%         3d6       99%         4
 Hailstorm                Conj/Ice       6%         3d5       100%        3
 Stone Arrow              Conj/Erth      12%        3d7       100%        3
 Summon Ice Beast         Ice/Summ       1%         N/A       100%        3
 Airstrike                Air            0%         2d(1-17)  100%        4
 Animate Armour           Summ/Erth      2%         N/A       100%        4
 Cause Fear               Hex            0%         N/A       100%        4
 Summon Lightning Spire   Summ/Air       1%         N/A       100%        4
 Fireball                 Conj/Fire      3%         3d4       100%        5
 Sculpt Simulacrum        Ice/Alch       3%         N/A       100%        6
 Lehudib's Crystal Spear  Conj/Erth      3%         10d2      100%        8
 Dragon's Call            Summ           0%         N/A       100%        9


Dungeon Overview and Level Annotations

Branches:
Dungeon (9/15)             Temple (1/1) D:5         Ossuary (visited)
   Lair: D:8-11         Orc: D:9-12

Altars:
Ashenzari
Cheibriados
Dithmenos
Gozag
Kikubaaqudgha
Makhleb
Nemelex Xobeh
Okawaru
Qazlal
Ru
Sif Muna
Trog
Uskayaw
Vehumet
Wu Jian
Xom
Yredelemnul

Shops:
D:4 *   D:8 [

Annotations:
D:5 kiven takana enkelii ja demoni
D:8 2 transporters


Innate Abilities, Weirdness & Mutations

You are surrounded by a moderate repulsion field. (EV +3)
You regenerate health from kills.
Spells you cast may paralyse adjacent enemies.
You have a small tail.


Message History

You barely miss the laughing skull.
You tail-slap the laughing skull, but do no damage.
The laughing skull headbutts you but does no damage.
You closely miss the laughing skull. You tail-slap the laughing skull.
You block the laughing skull's attack. The laughing skull headbutts you!
You miss the laughing skull.
The laughing skull headbutts you but does no damage.
The laughing skull gibbers with scorn.
The bolt of negative energy hits you!!
You feel drained.
You miss the laughing skull.
Your tail-slap misses the laughing skull.
The laughing skull cackles spitefully.
The bolt of negative energy hits you.
You feel drained.
You draw a card...
You have drawn the Storm.
A fierce wind blows from the card.
The laughing skull is knocked back by the gust of wind.
The electrical discharge engulfs the laughing skull!
You hear mighty peals of thunder!
You draw a card...
You have drawn Pain.
Press: ? - help, Shift-Dir - straight line, f - laughing skull
Aim: a laughing skull (almost destroyed)
The laughing skull is unaffected.
The laughing skull cackles spitefully.
The bolt of negative energy hits you!
You feel drained.
* * * LOW HITPOINT WARNING * * *
You draw a card...
You have drawn Degeneration.
The laughing skull is dazed by the mutagenic energy.
The laughing skull lets out a vicious peal of laugher.
The bolt of negative energy hits you!
You feel drained.
* * * LOW HITPOINT WARNING * * *
You draw a card...
You have drawn Pain.
Press: ? - help, Shift-Dir - straight line, f/p - laughing skull
Aim: a laughing skull (almost destroyed, dazed)
The laughing skull is unaffected.
The deck of cards glows slightly and disappears.
The laughing skull headbutts you.
You die...
The laughing skull crumbles to pieces from sheer joy.
Your body disappears without a glow.

#.###...........###.# #.##......
##.#.###.#.##.#.# #.# #>###.....
##.## #y#.##.#.# #.# #.# ##.#..
###.# #.#.##.#.###.####.###..#..
....# ##.#.##.#..............####
##### #..)....#.........####.#
#)†#....).).......#....###
#######(.####.#.........#.##.g.#
.........# #.#.@z......#.#....##
C........# #.#............._....
###.#########.#........###....#.#
# #.# #....#.######.# #.).##.# #
#.# #.##.#.. ..# ###....# # #.#
#.##.### ##.# #)#### ###.# #.##.#
#.# ##..... ....# #.##.# #.#
#..###. ##### #.##.# #>####.####.


You could see a laughing skull (dazed).

Vanquished Creatures
  Pikel (D:3)
  Maurice (D:7)
  The ghost of Killerpretzel the Digger, a novice GrEE of Vehumet (D:6)
  2 wyverns (D:8)
  Sigmund (D:3)
  A fire bat (D:7)
  2 steam dragons (D:8)
  3 water moccasins
  3 black bears
  3 orc warriors
  2 ice beasts
  An ogre (D:5)
  A laughing skull (D:9)
  2 lemures (D:3)
  A kobold brigand (D:8)
  A bullfrog (D:8)
  A gnoll sergeant (D:5)
  3 scorpions
  A burial acolyte (Ossuary)
  6 wights
  A bombardier beetle (D:7)
  3 hounds
  3 orc priests
  2 quasits (D:5)
  A gnoll bouda (D:7)
  Crazy Yiuf (D:4)
  5 iguanas
  A sleepcap (D:4)
  7 orc wizards
  A mummy (Ossuary)
  Robin (D:4)
  8 gnolls
  9 adders
  2 shadow imps
  3 white imps
  3 dart slugs
  4 ribbon worms
  25 orcs
  11 ball pythons
  3 bats
  7 endoplasms
  3 giant cockroaches
  14 goblins
  10 hobgoblins
  6 quokkas
  4 frilled lizards
  7 gnoll skeletons (Ossuary)
  17 kobolds
  6 kobold skeletons (Ossuary)
  7 orc skeletons (Ossuary)
  2 rats
214 creatures vanquished.

Vanquished Creatures (collateral kills)
  A centaur warrior (D:9)
  3 two-headed ogres
  A cyclops (D:9)
  Duvessa (D:4)
  An ogre (D:4)
  A bullfrog (D:9)
  A gnoll sergeant (D:9)
  2 wights (D:9)
  Dowan (D:4)
  3 gnolls (D:9)
15 creatures vanquished.

Vanquished Creatures (others)
  An orc (D:8)
1 creature vanquished.

Grand Total: 230 creatures vanquished

Notes
Turn   | Place    | Note
-------+----------+-------------------------------------------
     0 | D:1      | Colgate the Demonspawn Fighter began the quest for the Orb.
     0 | D:1      | Reached XP level 1. HP: 18/18 MP: 1/1
     6 | D:1      | Noticed a polar bear
     6 | D:1      | Noticed a lindwurm
     6 | D:1      | Noticed a six-headed hydra
     7 | D:1      | Noticed a wolf
    36 | D:1      | Reached skill level 2 in Axes
   105 | D:1      | Gained mutation: You are surrounded by a mild repulsion
                  | field. (EV +2) [demonic ancestry]
   105 | D:1      | Reached XP level 2. HP: 22/24 MP: 2/2
   123 | D:1      | Reached skill level 1 in Polearms
   771 | D:2      | Gained mutation: You have a small tail. [demonic ancestry]
   771 | D:2      | Reached XP level 3. HP: 29/29 MP: 3/3
   853 | D:2      | Found a faded altar of an unknown god.
  1749 | D:3      | Found an ancient bone altar of Kikubaaqudgha.
  1898 | D:3      | Noticed Sigmund
  1939 | D:2      | Reached skill level 3 in Axes
  1939 | D:2      | Reached XP level 4. HP: 34/35 MP: 4/4
  2030 | D:3      | Killed Sigmund
  2031 | D:3      | Reached skill level 4 in Axes
  2031 | D:3      | Reached XP level 5. HP: 32/41 MP: 5/5
  2280 | D:4      | Noticed Duvessa
  2280 | D:4      | Noticed Dowan
  2413 | D:4      | Gained mutation: You are surrounded by a moderate repulsion
                  | field. (EV +3) [demonic ancestry]
  2413 | D:4      | Reached XP level 6. HP: 41/47 MP: 6/6
  2439 | D:4      | Found a sand-covered staircase.
  2448 | Ossuary  | Entered an ossuary
  2729 | Ossuary  | Found an ancient bone altar of Kikubaaqudgha.
  2873 | Ossuary  | Reached skill level 5 in Axes
  3234 | D:4      | Found Hajoycel's Neck Hole.
  3432 | D:5      | Entered Level 5 of the Dungeon
  3490 | D:4      | Reached skill level 6 in Axes
  3490 | D:4      | Reached XP level 7. HP: 46/52 MP: 7/7
  3536 | D:4      | Noticed Robin
  3560 | D:4      | Killed Robin
  3780 | D:4      | Noticed Pikel
  4051 | D:5      | Noticed a two-headed ogre
  4090 | D:6      | Reached skill level 7 in Axes
  4536 | D:6      | Gained mutation: You regenerate a little health from kills.
                  | [demonic ancestry]
  4536 | D:6      | Reached XP level 8. HP: 35/58 MP: 8/8
  4707 | D:5      | Reached skill level 8 in Axes
  5179 | D:2      | Prayed at the altar of an unknown god.
  5179 | D:2      | Became a worshipper of Nemelex Xobeh the Trickster
  5179 | D:2      | Reached * piety under Nemelex Xobeh
  5179 | D:2      | Received a gift from Nemelex Xobeh
  5252 | D:4      | Killed Duvessa
  5253 | D:4      | Reached skill level 5 in Fighting
  5255 | D:4      | Killed Dowan
  5265 | D:4      | Reached skill level 1 in Evocations
  5356 | D:3      | Killed Pikel
  5357 | D:3      | Gained mutation: Spells you cast may paralyse adjacent
                  | enemies. [demonic ancestry]
  5357 | D:3      | Reached XP level 9. HP: 50/68 MP: 9/9
  5447 | D:4      | Reached skill level 1 in Invocations
  5703 | D:4      | Found a runed translucent door.
  5704 | D:4      | Noticed Crazy Yiuf
  5712 | D:4      | Killed Crazy Yiuf
  5820 | D:4      | Bought an amulet of faith for 480 gold pieces
  6145 | D:5      | Killed a two-headed ogre
  6967 | D:5      | Found a broken altar of Ashenzari.
  7002 | D:5      | Found a staircase to the Ecumenical Temple.
  7013 | Temple   | Entered the Ecumenical Temple
  7058 | D:5      | Found a burning altar of Makhleb.
  7060 | D:5      | Noticed an angel
  7060 | D:5      | Noticed a blizzard demon
  7250 | D:6      | Reached ** piety under Nemelex Xobeh
  7266 | D:6      | Received a gift from Nemelex Xobeh
  7320 | D:6      | Reached skill level 1 in Conjurations
  7481 | D:6      | Reached skill level 1 in Alchemy
  7494 | D:6      | Found a runed translucent gate.
  7494 | D:6      | Found a runed translucent gate.
  7494 | D:6      | Found a runed translucent gate.
  7498 | D:6      | Noticed Killerpretzel's ghost (novice GrEE)
  7579 | D:6      | Killed Killerpretzel's ghost
  7934 | D:7      | Noticed Maurice
  8046 | D:7      | Maurice stole a ring of resist corrosion
  8051 | D:7      | Maurice stole 14 boomerangs
  8060 | D:7      | Killed Maurice
  8215 | D:7      | Noticed Jeremiah
  8233 | D:7      | Jeremiah changed into Jeremiah the fire bat
  8233 | D:7      | Noticed Jeremiah
  8244 | D:7      | Killed Jeremiah the fire bat
  8663 | D:7      | Reached XP level 10. HP: 76/76 MP: 15/15
  8851 | D:7      | Reached *** piety under Nemelex Xobeh
  9146 | D:8      | Found a transporter.
  9146 | D:8      | Noticed a deep elf pyromancer
  9147 | D:8      | Noticed a cyclops
  9147 | D:8      | Noticed a gargoyle
  9148 | D:8      | Noticed a cyclops
  9148 | D:8      | Noticed a white ugly thing
  9528 | D:8      | Found a transporter.
  9568 | D:8      | Found Udecic's Armour Shoppe.
  9576 | D:8      | Bought a +0 pair of boots for 67 gold pieces
  9858 | D:8      | Reached skill level 5 in Conjurations
  9978 | D:8      | Reached skill level 5 in Alchemy
 10292 | D:9      | Noticed a cyclops
 10418 | D:9      | Found a shimmering blue altar of Sif Muna.
 10514 | D:9      | Received a gift from Nemelex Xobeh
 10578 | D:9      | Noticed a centaur warrior
 10587 | D:9      | Noticed a two-headed ogre
 10587 | D:9      | Killed a centaur warrior
 10592 | D:9      | Killed a two-headed ogre
 10596 | D:9      | Killed a cyclops
 10617 | D:9      | Found a radiant altar of Vehumet.
 10625 | D:9      | Noticed a two-headed ogre
 10656 | D:9      | Identified the -1 quarterstaff of the Wasteland {flame,
                  | rPois}
 10656 | D:9      | Killed a two-headed ogre
 10657 | D:9      | Gained mutation: You regenerate health from kills. [demonic
                  | ancestry]
 10657 | D:9      | Reached XP level 11. HP: 13/81 MP: 16/16
 11089 | D:9      | Identified the +9 trident "Juexki" {flame, *Corrode rElec
                  | rPois Dex-4}
 11163 | D:9      | Reached **** piety under Nemelex Xobeh
 11311 | D:9      | HP: 1/70 [laughing skull/bolt of negative energy (11)]
 11312 | D:9      | Slain by a laughing skull

Illustrated notes

Levels and vault maps discovered:
D:1:      onia_arrival_zoo_common, layout_basic,
          corexii_item_surrounded_by_moat, minmay_tetromino_s2
D:2:      layout_loops_ring, basic_altar,
          shapermc_ecumenical_altar_mp_urbaneastern, kennysheep_crisscross
D:3:      layout_basic, general_overflow_altar, uniq_sigmund
D:4:      minmay_polygon_palace, layout_basic,
          mainiacjoe_ossuary_entry_dusty_tomb,
          nicolae_shop_sticking_my_neck_out, uniq_duvessa,
          uniq_crazy_yiuf_cottage, uniq_robin, uniq_pikel
D:5:      layout_gridville, mainiacjoe_overflow_six_doors_small,
          grunt_temple_overflow_order_and_chaos_2,
          minmay_temple_entry_glassed_door, serial_demonic, serial_demonic_g,
          serial_demonic_e, serial_demonic_a, serial_demonic_b
D:6:      layout_basic, ebering_ghost_rock_garden, bh_walls_and_bars
D:7:      layout_loops_cross, uniq_maurice, uniq_jeremiah
D:8:      gammafunk_sealed_arena, layout_basic, serial_shops, shop
D:9:      layout_loops_ring, nicolae_overflow_crystal_walls,
          mainiacjoe_overflow_cross_hatched, hangedman_fish_farm
Temple:   hellmonk_temple_forest_ring

Skill      XL: |  1  2  3  4  5  6  7  8  9 10 |
---------------+-------------------------------+-----
Axes           | 2 3 4 6 7 8 |  8.0
Polearms       | 1 2 3 |  3.5
Fighting       | 5 |  5.6
Evocations     | 4 |  4.9
Invocations    | 7 |  7.2
Conjurations   | 3 7 |  7.0
Alchemy        | 2 7 |  7.6
Spellcasting   | 3 |  3.0
Armour         | |  2.6
Shields        | |  2.6

Action                     |  1- 3 |  4- 6 |  7- 9 | 10-12 || total
---------------------------+-------+-------+-------+-------++-------
  Melee: War axe           |   115 |   133 |   327 |   180 ||   755
         Tailslap          |     8 |    16 |    46 |    31 ||   101
  Throw: Boomerang         |       |    12 |    18 |     8 ||    38
 Invoke: Draw Summoning    |       |       |     3 |     7 ||    10
         Draw Destruction  |       |       |     1 |     9 ||    10
    Use: Scroll            |     5 |     5 |     3 |     3 ||    16
         Potion            |       |     1 |     2 |       ||     3
 Armour: Scale mail        |    25 |       |       |       ||    25
         Chain mail        |    23 |       |       |       ||    23
         Plate armour      |    26 |    91 |   292 |   150 ||   559
  Dodge: Dodged            |    42 |    33 |   125 |    69 ||   269
  Block: Buckler           |    27 |    26 |    65 |    38 ||   156
